 Dungeon Crawl Stone Soup version 0.18-a0-1125-g2bdabe5 (webtiles) character file.

111 Arkorax the Sneak (level 4, -10/23 HPs)
             Began as a Vine Stalker Wanderer on Jan 20, 2016.
             Killed from afar by runewalsh's ghost (12 damage)
             ... with a puff of frost
             ... on level 3 of the Dungeon.
             The game lasted 00:03:37 (1269 turns).

Arkorax the Sneak (Vine Stalker Wanderer)           Turns: 1269, Time: 00:03:37

Health: -10/23     AC:  3    Str: 15    XL:     4   Next: 92%
Magic:  0/5        EV: 11    Int: 16    God:
Gold:   71         SH:  4    Dex: 14    Spells: 0 memorised, 3 levels left

rFire  . . .     SeeInvis .     a - +2 dagger
rCold  . . .     Gourm    .     f - +0 robe
rNeg   . . .     Faith    .     j - +0 buckler
rPois  .         Spirit   +     p - +0 helmet
rElec  .         Dismiss  .     (no cloak)
rCorr  .         Reflect  .     (no gloves)
SustAt .         Harm     .     (no boots)
MR     .....                    (no amulet)
Stlth  +++.......               m - +3 ring of slaying
                                i - +4 ring of intelligence

@: not resistant to hostile enchantments, fairly stealthy
A: fangs 2, regeneration 1, magic shield, antimagic bite, no device heal 3, rot
immunity
a: no special abilities


You were on level 3 of the Dungeon.
You were not hungry.

You visited 1 branch of the dungeon, and saw 3 of its levels.

You collected 71 gold pieces.

Inventory:

Hand Weapons
 a - a +2 dagger (weapon)
 e - a +0 blowgun
Missiles
 d - 11 poisoned needles
Armour
 f - a +0 robe (worn)
 j - a +0 buckler (worn)
 p - a +0 helmet (worn)
Jewellery
 i - a +4 ring of intelligence (left hand)
 m - a +3 ring of slaying (right hand)
Scrolls
 c - 3 scrolls of teleportation
Potions
 b - a potion of haste
 h - 2 potions of heal wounds {unknown}
 k - a potion of magic {unknown}
 n - 2 potions of lignification {unknown}
Comestibles
 g - a bread ration
 l - a slice of pizza


   Skills:
 + Level 2.8 Fighting
 + Level 2.4(2.5) Short Blades
   Level 1.0(1.8) Long Blades
 - Level 1.0 Throwing
 - Level 1.5 Dodging
 - Level 4.8 Stealth
 + Level 1.9 Shields


You had 3 spell levels left.
You didn't know any spells.

Dungeon Overview and Level Annotations

Branches:
Dungeon (3/15)

Altars:
Fedhas
Yredelemnul

Annotations:
D:3 Robin; runewalsh's ghost, amateur OpIE


Innate Abilities, Weirdness & Mutations

You have extremely sharp teeth.
Your natural rate of healing is unusually fast.
When hurt, damage is shared between your health and your magic reserves.
Your bite disrupts and absorbs the magic of your enemies.
Potions and wands cannot restore your health.
You are immune to rotting.


Message History

You block the rat's attack. You block the jackal zombie's attack.
Drink which item? (? for menu, Esc to quit)
Okay, then.
You hit the jackal zombie. Your bite misses the jackal zombie.
The jackal zombie bites you but does no damage.
You closely miss the jackal zombie. You bite the jackal zombie.
You drain its power.
You feel invigorated.
You destroy the jackal zombie!
You barely miss the rat. The rat bites you.
* * * LOW HITPOINT WARNING * * *
You puncture the rat!
You kill the rat!
Runewalsh's ghost stares at you and mumbles some strange words.
The puff of frost hits you!
* * * LOW HITPOINT WARNING * * *
Runewalsh's ghost stares at you and mumbles some strange words.
The puff of frost hits you!
Ouch! That really hurt!
You die...

######### #.......# ######
#.......# #...$# #.......#
#....# #.......# ######
#....#####.......# #.....
#....#.KW..@.....# #.....
#....#.#######...# #.....
#####....#.# ### #...######.....
..>).......# #####...'..........
.........W...'_+.....##########.
##.###.....###'###...##########.
#.###%# #.# #..##.......##. #.
#.# #.# #..##.......##. .. #..
...##.......###


You could see runewalsh's ghost and a kobold.

Vanquished Creatures
  A giant frog zombie (D:3)
  Terence (D:3)
  2 adder skeletons (D:2)
  A worm (D:2)
  4 giant geckos
  A ball python (D:2)
  A bat skeleton (D:2)
  A bat zombie (D:2)
  A giant cockroach (D:2)
  7 goblins
  2 hobgoblins (D:1)
  3 jackals (D:2)
  A kobold (D:3)
  A quokka (D:2)
  A ball python skeleton (D:2)
  2 bats
  4 giant newts
  2 jackal zombies
  8 rats
44 creatures vanquished.

Notes
Turn   | Place    | Note
--------------------------------------------------------------
     0 | D:1      | Arkorax the Vine Stalker Wanderer began the quest for the Orb.
     0 | D:1      | Arkorax set off with: a +2 dagger, a potion of haste, a scroll of teleportation, 11 poisoned needles, a +0 blowgun, a +0 robe, a bread ration
     0 | D:1      | Reached XP level 1. HP: 11/11 MP: 2/2
    92 | D:1      | Reached skill level 1 in Short Blades
    92 | D:1      | Reached XP level 2. HP: 15/15 MP: 3/3
   548 | D:2      | Found a basalt altar of Yredelemnul.
   604 | D:2      | Reached XP level 3. HP: 16/18 MP: 4/4
   642 | D:2      | Reached skill level 1 in Shields
   713 | D:2      | Noticed a scorpion
   930 | D:3      | Found a faded altar to an unknown god.
   952 | D:3      | Noticed Robin
   953 | D:3      | Noticed runewalsh's ghost (amateur OpIE)
  1124 | D:3      | Reached XP level 4. HP: 21/23 MP: 3/5
  1198 | D:3      | Noticed Terence
  1204 | D:3      | Killed Terence
  1241 | D:3      | Found a blossoming altar of Fedhas.
  1266 | D:3      | HP: 1/23 [runewalsh's ghost/puff of frost (5)]
  1269 | D:3      | Killed from afar by runewalsh's ghost

Vault maps used:
D:1:      dpeg_arrival_simpleton_c
D:2:      yredelemnul_altar_generic, serial_undead, serial_undead_e,
          serial_undead_c, serial_undead_d, serial_undead_a, first_bread
D:3:      lemuel_doored_altar, old_standard_altar, ecumenical_altar_2,
          hangedman_decor_riveting, corner_web_ring, st_stairs_3, uniq_terence,
          uniq_robin

Action                   |  1- 3 |  4- 6 || total
-------------------------+-------+-------++-------
Melee: Dagger            |   115 |    15 ||   130
  Use: Scroll            |     6 |       ||     6
 Stab: Sleeping          |     6 |     1 ||     7
       Distracted        |       |     1 ||     1
  Eat: Meat ration       |     1 |       ||     1
